 Dungeon Crawl Stone Soup version 0.16-a0-3976-g683f154 (webtiles) character file.

890912 abixa the Slayer (level 27, -1/313 (314) HPs)
             Began as an Ogre Berserker on Feb 10, 2015.
             Was the Champion of the Shining One.
             Slain by an iron troll (21 damage)
             ... created by the rage of Trog
             ... in Pandemonium on Feb 11, 2015.
             The game lasted 11:08:09 (109192 turns).

abixa the Slayer (Ogre Berserker)                 Turns: 109192, Time: 11:08:10

HP:   -1/313 (314)  AC: 42    Str: 24 (30) XL:     27
MP:   0/43          EV: 15    Int:  8      God:    the Shining One [******]
Gold: 10088         SH:  0    Dex: 18      Spells: 7 memorised, 39 levels left

rFire  + + .     SeeInvis .     g - +10 giant spiked club of Trauma {flame, rElec rF+ rC- MR+ Int+2}
rCold  . . .     Clarity  .     w - +12 gold dragon armour
rNeg   + + +     SustAb   .     (shield restricted)
rPois  +         Gourm    .     D - +2 hat of the Bear Spirit {Spirit, +Rage rN+ MR++}
rElec  +         Spirit   +     F - +2 cloak {MR+}
rCorr  +         Warding  .     (gloves unavailable)
rMut   .         Stasis   .     (boots unavailable)
MR     +++++                    W - amulet of resist corrosion
Stlth  ..........               L - +5 ring of slaying
                                t - ring of flight

@: glowing, almost entirely resistant to hostile enchantments, extremely
unstealthy
A: unfitting armour, antennae 1, hooves 1, poison resistance, regeneration 1,
electricity resistance, tough skin 1
a: Divine Shield, Cleansing Flame, Summon Divine Warrior, Renounce Religion,
Evoke Berserk Rage, Evoke Flight
}: 6/15 runes: barnacled, slimy, silver, abyssal, demonic, gossamer


You were in Pandemonium.
You worshipped the Shining One.
The Shining One was exalted by your worship.
You were very hungry.

You visited 12 branches of the dungeon, and saw 64 of its levels.
You visited Pandemonium 1 time, and saw 3 of its levels.
You visited the Abyss 4 times.
You visited 1 bazaar.
You visited 1 ziggurat, and saw 9 of its levels.
You also visited: Sewer, Ossuary and Ice Cave.

You collected 14141 gold pieces.
You spent 4053 gold pieces at shops.

Inventory:

Hand weapons
 g - the +10 giant spiked club of Trauma (weapon) {flame, rElec rF+ rC- MR+ Int+2}
   (Trog gifted it to you on level 3 of the Lair of Beasts)

   It has been specially enchanted to burn those struck by it, causing extra
   injury to most foes and up to half again as much damage against particularly
   susceptible opponents.
   It affects your intelligence (+2).
   It protects you from fire.
   It makes you vulnerable to cold.
   It insulates you from electricity.
   It affects your resistance to hostile enchantments.
 I - the +4 giant club of Rata {flame, rN++}
   (Trog gifted it to you on level 3 of the Orcish Mines)

   It has been specially enchanted to burn those struck by it, causing extra
   injury to most foes and up to half again as much damage against particularly
   susceptible opponents.
   It greatly protects you from negative energy.
 V - a +9 giant spiked club of holy wrath
Missiles
 e - 21 throwing nets
 o - 40 javelins of penetration
 r - 77 large rocks (quivered)
Armour
 w - a +12 gold dragon armour (worn)
 D - the +2 hat of the Bear Spirit (worn) {Spirit, +Rage rN+ MR++}
   (You acquired it on level 3 of the Vaults)

   It protects you from negative energy.
   It affects your resistance to hostile enchantments.
   It lets you go berserk.
 F - a +2 cloak of magic resistance (worn)
Jewellery
 a - the ring "Treylam" {rF+ rN+ Str+4 Int-5 SInv}
   (You found it on level 2 of the Abyss)

   [ring of see invisible]

   It affects your strength (+4).
   It affects your intelligence (-5).
   It protects you from fire.
   It protects you from negative energy.
   It enhances your eyesight.
 l - the ring "Xinoacuf" {+/*Tele +Blink rF+ rC+ Dex-5 SInv}
   (You took it off a deep elf mage on level 3 of the Elven Halls)

   [ring of teleportation]

   It causes random teleportation, and can be evoked to teleport at will.
   It affects your dexterity (-5).
   It protects you from fire.
   It protects you from cold.
   It enhances your eyesight.
   It lets you blink.
 p - the ring "Preabbe" {Wiz Slay+2}
   (You found it on level 4 of a ziggurat)

   [ring of wizardry]

   It improves your spell success rate.
   It affects your accuracy and damage with ranged weapons and melee attacks
   (+2).
 t - a ring of flight (left hand)
 A - the ring "Jofeatz" {rN+ MR+ Str-4 Dex+2 Slay+3 SInv}
   (You took it off an ancient champion on level 3 of the Crypt)

   [ring of positive energy]

   It affects your strength (-4).
   It affects your dexterity (+2).
   It affects your accuracy and damage with ranged weapons and melee attacks
   (+3).
   It protects you from negative energy.
   It affects your resistance to hostile enchantments.
   It enhances your eyesight.
 E - an uncursed ring of sustain abilities
 K - the amulet of the City {rMut MP+9 Str+3 Slay+2}
   (You bought it in a shop in a bazaar)

   [amulet of resist mutation]

   It protects you from mutation.
   It affects your strength (+3).
   It affects your accuracy and damage with ranged weapons and melee attacks
   (+2).
   It affects your magic capacity (+9).
 L - a +5 ring of slaying (right hand)
 M - the ring "Ekoxum" {rF+ rN+ Dex+2}
   (You took it off an angel in Pandemonium)

   [ring of protection from fire]

   It affects your dexterity (+2).
   It protects you from fire.
   It protects you from negative energy.
 P - an uncursed amulet of stasis
 Q - the ring "Keocs" {rN+ Str+3 Int+5}
   (You found it on level 3 of the Crypt)

   [ring of positive energy]

   It affects your strength (+3).
   It affects your intelligence (+5).
   It protects you from negative energy.
 S - the amulet "Inulonla" {+Rage rElec rPois- rN+ Str+3 Int+6}
   (You found it on level 7 of a ziggurat)

   [amulet of rage]

   It affects your strength (+3).
   It affects your intelligence (+6).
   It insulates you from electricity.
   It makes you vulnerable to poison.
   It protects you from negative energy.
   It lets you go berserk.
 T - an uncursed ring of protection from cold
 W - an amulet of resist corrosion (around neck)
 Z - an uncursed amulet of regeneration
Magical devices
 q - a wand of disintegration (5)
 H - a wand of digging (10)
 R - a wand of heal wounds (4)
Scrolls
 c - 3 scrolls of silence
 i - 4 scrolls of blinking
 k - 40 scrolls of remove curse
 m - 4 scrolls of holy word
 n - 34 scrolls of identify
 v - 5 scrolls of enchant weapon
 z - 12 scrolls of magic mapping
 B - 10 scrolls of recharging
 C - 26 scrolls of teleportation
 N - 9 scrolls of fog
 O - 2 scrolls of enchant armour
 U - 3 scrolls of summoning
Potions
 b - 7 potions of resistance
 d - 5 potions of ambrosia
 f - 11 potions of agility
 h - 31 potions of curing
 j - 3 potions of cure mutation
 u - 12 potions of haste
 x - 10 potions of might
 y - 11 potions of heal wounds
 G - 2 potions of berserk rage
 X - 5 potions of cancellation
 Y - 18 potions of restore abilities
Miscellaneous
 J - a phial of floods
Comestibles
 s - 31 meat rations


   Skills:
 - Level 25.0 Fighting
 - Level 22.0 Maces & Flails
 - Level 24.2 Throwing
 - Level 21.4 Armour
 - Level 21.5 Dodging
 - Level 15.1 Stealth
 - Level 14.6 Spellcasting
 - Level 3.7 Charms
 - Level 11.0 Summonings
 - Level 4.4 Translocations
 + Level 19.0 Invocations
 - Level 11.4 Evocations


You had 39 spell levels left.
You knew the following spells:

 Your Spells              Type           Power        Failure   Level  Hunger
a - Apportation           Tloc           ##........   24%         1    None
b - Swiftness             Chrm/Air       #.......     88%         2    None
c - Flight                Chrm/Air       #.........   99%         3    ##.....
d - Repel Missiles        Chrm/Air       #.....       88%         2    None
e - Silence               Hex/Air        #.........   100%        5    #####..
f - Summon Butterflies    Summ           ###.....     1%          1    None
g - Blink                 Tloc           N/A          34%         2    None


Dungeon Overview and Level Annotations

Branches:
Dungeon (15/15)            Temple (1/1) D:7            Lair (8/8) D:9
 Shoals (5/5) Lair:4       Spider (5/5) Lair:6        Slime (6/6) Lair:7
    Orc (4/4) D:12            Elf (3/3) Orc:3        Vaults (5/5) D:13
  Crypt (3/3) Vaults:3       Tomb (0/3) Crypt:3      Depths (5/5) D:15
    Zot (4/5) Depths:5

Altars:
Ashenzari
Cheibriados
Dithmenos
Elyvilon
Fedhas
Gozag
Kikubaaqudgha
Makhleb
Nemelex Xobeh
Okawaru
Qazlal
Ru
Sif Muna
Trog
Vehumet
Xom
Yredelemnul
Zin
The Shining One
Jiyva

Shops:
D:12 !([   D:13 %   D:15 *   Orc:4 [}:[:   Elf:3 (   Shoals:2 }

Portals:
Hell: Depths:1 Depths:2 Depths:3 Depths:4 Depths:5
Abyss: Depths:4 Depths:5
Pandemonium: Depths:2 Depths:3 Depths:4
Ziggurat: Depths:2
Trove: D:12 (give wand of heal wounds (9))

Annotations:
Lair:8 food
Spider:5 food


Innate Abilities, Weirdness & Mutations

You are too large for most types of armour.
You have tough skin (AC +1).
You have a pair of small antennae on your head.
You have large cloven feet.
Your system is resistant to poisons.
Your natural rate of healing is unusually fast.
You are resistant to electric shocks.


Message History

The iron troll claws you but does no damage.
The iron troll claws you!!
* * * LOW HITPOINT WARNING * * *
Drink which item? (? for menu, Esc to quit)
You feel much better.
You are feeling very hungry.
The iron troll bites you but does no damage.
The iron troll claws you!
* * * LOW HITPOINT WARNING * * *
The iron troll barely misses you.
You sock the iron troll! You burn the iron troll. You kick the iron troll.
The iron troll is moderately wounded.
The iron troll completely misses you.
The iron troll claws you but does no damage. x2
You puncture the iron troll! You burn the iron troll. You kick the iron troll.
The iron troll is moderately wounded.
You impale the iron troll!! You burn the iron troll. You kick the iron troll.
The iron troll is severely wounded.
The iron troll misses you. The iron troll claws you!!
You die...

... ... ... #### #'#
.........4.#..## #.#
..........#...## #.#
..........#..C.###.#
.........#h#.∩.##.#
#........#T##T..#.#
#........#@###....#
#........#)# ##...#
#))......#.# .##..#
##+#####))......#+#...####
.........).......§(.......
........().......§.......
........#####............
........# #............
........# #...........


You could see an iron troll (berserk) and a polar bear (berserk).

Vanquished Creatures
  the royal jelly (Slime:6)
  A seraph (Pan)
  Khufu (Crypt:3)
  An orb of fire (Zot:1)
  2 ancient liches
  Margery (Depths:1)
  Norris (Shoals:5)
  Saint Roka (Vaults:5)
  A caustic shrike (shapeshifter) (Zig:1)
  3 curse toes
  A Killer Klown (Zot:1)
  10 golden dragons
  3 pandemonium lords
  Jory (Crypt:1)
  Xtahua (Crypt:1)
  2 profane servitors
  15 bone dragons
  2 pearl dragons (Pan)
  Nikola (Depths:2)
  3 electric golems
  5 Hell Sentinels
  An Ice Fiend (Zig:8)
  12 tentacled monstrosities
  8 titans
  3 deep elf blademasters
  3 deep elf master archers
  16 acid blobs
  12 liches
  29 tentacled starspawn
  A kraken (Shoals:1)
  An eldritch tentacle (Depths:4)
  3 quicksilver dragons
  10 azure jellies
  7 sphinxes
  5 ancient champions
  Rupert (Spider:1)
  10 shadow dragons
  3 Executioners
  4 revenants
  6 draconian monks
  6 tengu reavers
  12 storm dragons
  28 daevas (Pan)
  Ilsuiw (Shoals:5)
  3 iron dragons
  An azure jelly (shapeshifter) (Vaults:5)
  10 fire giants
  6 frost giants
  Wiglaf (Shoals:5)
  10 ghost moths
  Maud (Lair:6)
  A frost giant (shapeshifter) (Vaults:5)
  3 draconian scorchers
  A black sun (Zig:8)
  11 deep elf sorcerers
  An orc warlord (Zig:9)
  4 balrugs
  19 vault wardens
  A curse skull (Crypt:2)
  3 draconian knights
  3 draconian zealots
  3 warmongers (Pan)
  6 emperor scorpions
  Gastronok (D:8)
  A caustic shrike zombie (Depths:1)
  44 angels
  6 ghouls
  A war gargoyle (Vaults:5)
  2 draconian annihilators (Zot:1)
  38 stone giants
  5 reapers
  15 very ugly things
  17 ironheart preservers
  29 ophanim
  2 draconian shifters
  7 lorocyprocas
  A corrupter (Zig:8)
  8 grey draconians
  7 vampire knights
  5 green draconians
  5 blood saints
  15 deep elf annihilators
  12 black draconians
  3 chaos champions (Pan)
  2 purple draconians
  A dire elephant (Depths:2)
  8 pale draconians
  7 yellow draconians
  42 apis (Pan)
  13 deep elf demonologists
  4 unborn
  8 blizzard demons
  13 ettins
  12 red draconians
  6 mottled draconians
  7 white draconians
  Snorg (Orc:1)
  10 deep elf death magi
  3 eidola
  5 merfolk javelineers
  5 green deaths
  2 minotaurs (Depths:3)
  7 death oozes (Slime:6)
  2 mummy priests (Crypt:3)
  14 jiangshi (Crypt:3)
  31 vault guards
  11 fire dragons
  12 merfolk impalers
  A minotaur (shapeshifter) (Vaults:5)
  20 yaktaur captains
  A quicksilver dragon zombie (Abyss:2)
  3 deep elf high priests
  24 rakshasas
  11 great orbs of eyes
  12 death cobs
  Fannar (Orc:2)
  7 hydras
  A quicksilver dragon skeleton (Crypt:1)
  A caustic shrike simulacrum (Depths:1)
  4 merfolk aquamancers
  21 ice dragons
  Nessos (D:13)
  3 monstrous demonspawn (Pan)
  An alligator snapping turtle (Shoals:2)
  A merfolk avatar (Shoals:4)
  A ghost crab (Zig:6)
  18 dancing weapons
  5 centaur warriors
  2 spriggan air magi
  6 deep troll earth magi
  5 tengu warriors
  An alligator (Zig:6)
  2 ghost crabs (shapeshifter)
  4 hell hogs
  2 hell beasts (Pan)
  22 death yaks
  An orc high priest (Zig:9)
  A satyr (Shoals:4)
  10 deep troll shamans
  16 ogre magi
  6 death knights
  A titan zombie (Abyss:2)
  5 spriggan berserkers
  11 hell knights
  A storm dragon zombie (Abyss:1)
  2 vampire magi
  Nergalle (Lair:2)
  21 thrashing horrors
  A catoblepas (shapeshifter) (Vaults:5)
  5 sun demons
  An iron golem (Zig:2)
  7 soul eaters
  4 shadow wraiths
  4 catoblepae
  26 wretched stars
  27 deep elf knights
  10 spatial maelstroms
  10 unseen horrors
  4 ice devils
  A spectral ghost moth (Crypt:3)
  5 iron trolls
  A salamander mystic (Depths:3)
  32 skeletal warriors
  2 spectral anacondas (Depths:4)
  13 sea snakes
  33 cherubim (Pan)
  4 shadow demons
  A swamp dragon (Zig:6)
  19 hill giants
  4 gelid demonspawn
  16 giant orange brains
  16 flayed ghosts
  45 deep trolls
  2 ice statues (IceCv)
  3 infernal demonspawn (Pan)
  20 orc knights
  3 torturous demonspawn (Pan)
  An obsidian statue (Vaults:1)
  3 mana vipers
  7 putrid demonspawn (Pan)
  Pikel (D:6)
  19 deep elf summoners
  An anaconda skeleton (Abyss:2)
  A shadow dragon zombie (Crypt:2)
  9 necromancers
  20 deep elf conjurers
  14 griffons
  10 ironbrand convokers
  49 wolf spiders
  A hill giant (shapeshifter) (Elf:3)
  10 wolf spider zombies (Spider:1)
  5 fauns
  A moth of wrath (shapeshifter) (Depths:5)
  14 harpies
  29 ugly things
  2 wizards
  4 salamanders (Depths:3)
  14 manticores
  5 hornets
  A faun (shapeshifter) (Vaults:4)
  2 draconians (shapeshifter)
  7 cyclopes
  25 orb spiders
  6 orc sorcerers
  3 deathcaps
  34 moths of wrath
  A stone giant zombie (Vaults:1)
  12 phantasmal warriors
  10 worldbinders
  4 shining eyes
  11 elephants
  A salamander (shapeshifter) (Vaults:1)
  A spectral ice dragon (Crypt:1)
  A fire giant zombie (Crypt:3)
  9 apocalypse crabs
  6 sirens
  2 guardian serpents
  7 water nymphs
  4 rust devils
  5 black mambas
  An oklob plant (Zig:9)
  A stone giant skeleton (Vaults:3)
  A griffon (shapeshifter) (Vaults:5)
  A frost giant skeleton (Crypt:1)
  A manticore (shapeshifter) (Vaults:5)
  11 sixfirhies
  12 vault sentinels
  A spiny frog (shapeshifter) (Abyss:3)
  2 shock serpent zombies (Abyss:2)
  21 smoke demons
  2 octopodes (shapeshifter)
  3 torpor snails
  2 orange crystal statues (Depths:4)
  A storm dragon simulacrum (Vaults:2)
  10 orange demons
  A dire elephant skeleton (Abyss:2)
  19 spiny frogs
  3 eyes of devastation
  A redback zombie (Crypt:2)
  5 hellions
  A yaktaur zombie (Depths:1)
  7 efreet
  A ghost moth simulacrum (Crypt:1)
  4 kobold demonologists
  3 tormentors (Pan)
  7 hellwings
  2 wandering mushrooms (Zot:1)
  An anaconda simulacrum (Abyss:2)
  6 komodo dragons
  68 yaktaurs
  14 deep elf priests
  2 silent spectres
  12 ancient zymes
  A yaktaur skeleton (Vaults:3)
  18 demonic crawlers
  A yaktaur (shapeshifter) (Depths:1)
  7 guardian mummies (Crypt:3)
  A tengu conjurer (D:13)
  32 jumping spiders
  A queen bee (shapeshifter) (Vaults:5)
  A spectral merfolk (Depths:4)
  31 two-headed ogres
  42 merfolk
  A moth of wrath zombie (Crypt:2)
  4 blue devils
  A queen bee (Lair:4)
  A minotaur zombie (Abyss:1)
  14 freezing wraiths
  4 giant leeches (Lair:8)
  3 red devils (Pan)
  8 polar bears
  A tengu simulacrum (Vaults:1)
  32 blink frogs
  A harpy skeleton (Abyss:1)
  An ice dragon zombie (Depths:1)
  9 trolls
  Grinder (Sewer)
  A hydra skeleton (Abyss:3)
  4 wind drakes
  A jumping spider (shapeshifter) (Abyss:2)
  86 slime creatures
  A baby alligator (shapeshifter) (Vaults:1)
  2 ettin zombies
  A fire dragon zombie (Crypt:2)
  A guardian serpent zombie (Crypt:2)
  29 deep elf magi
  8 basilisks
  9 boulder beetles
  An iron dragon simulacrum (Crypt:2)
  69 large abominations
  8 ravens
  A bog body (Crypt:1)
  70 raiju
  10 snapping turtles
  3 air elementals (Depths:1)
  11 tarantella zombies (Spider:1)
  55 flying skulls
  4 catoblepas skeletons (Abyss:3)
  46 redbacks
  An ice dragon skeleton (Crypt:1)
  A spriggan (shapeshifter) (Vaults:5)
  10 shadows
  2 ettin skeletons
  22 tarantellas
  20 trapdoor spiders
  9 vampires
  A hog (shapeshifter) (Vaults:3)
  A centaur simulacrum (D:15)
  19 water elementals
  10 fire bats
  29 yaks
  A human (Abyss:3)
  20 wraiths
  3 spriggans
  2 wyverns
  2 hill giant zombies (D:12)
  18 chaos spawn
  Eustachio (D:7)
  A yak (shapeshifter) (Depths:1)
  42 deep elf fighters
  A hippogriff (shapeshifter) (Depths:5)
  A yaktaur simulacrum (Vaults:3)
  A wolf (shapeshifter) (Vaults:5)
  33 neqoxecs
  24 ynoxinuls
  8 golden eyes
  A steam dragon (D:10)
  9 spatial vortices
  8 hungry ghosts
  24 vampire mosquitoes
  A naga (Lair:6)
  12 hippogriffs
  15 water moccasins
  4 insubstantial wisps
  Edmund (D:7)
  28 wolves
  A minotaur simulacrum (Depths:4)
  2 mottled dragons
  9 wargs
  11 porcupines
  A monstrous demonspawn zombie (Crypt:1)
  A spiny frog zombie (Abyss:3)
  5 spectral spriggans (Depths:4)
  9 hell hounds
  A slave (D:6)
  2 spectral trolls (Depths:4)
  24 spiders
  5 sky beasts
  64 ogres
  5 phantoms
  A snapping turtle zombie (Depths:4)
  16 ice beasts
  5 black bears
  9 boggarts (Vaults:2)
  18 crocodiles
  2 swamp drakes (Zig:6)
  9 eyes of draining
  64 orc warriors
  6 wasps
  2 elf skeletons
  6 necrophages
  A torpor snail zombie (Crypt:1)
  3 boring beetles
  A boring beetle (shapeshifter) (Depths:2)
  27 centaurs
  A lost soul (Crypt:2)
  3 brain worms
  A brain worm (shapeshifter) (Vaults:5)
  A vine stalker skeleton (Crypt:2)
  4 human zombies
  27 giant frogs
  A gnoll sergeant (D:6)
  4 earth elementals
  A water moccasin zombie (Ossuary)
  4 big kobolds
  A deep troll simulacrum (Vaults:3)
  5 spider zombies (Spider:1)
  A wyvern skeleton (D:13)
  12 scorpions
  A spectral ogre (Depths:4)
  2 spectral centaurs (Depths:4)
  3 troll zombies (D:12)
  6 electric eels
  23 killer bees
  67 small abominations
  11 quasits
  2 spectral nagas (Depths:4)
  11 hounds
  5 centaur zombies
  3 giant frog zombies
  12 wights
  11 crimson imps
  A human simulacrum (Vaults:2)
  A boring beetle zombie (Crypt:2)
  166 starcursed masses
  20 jellies
  6 giant frog skeletons
  27 orc wizards
  Crazy Yiuf (D:3)
  13 iguanas
  36 orc priests
  12 centaur skeletons
  11 iron imps
  A spriggan simulacrum (Depths:4)
  A hell rat (Elf:2)
  A troll simulacrum (Depths:4)
  10 worker ants
  24 sheep
  3 big kobold zombies
  Ijyb (D:3)
  3 ogre zombies (D:12)
  A hound zombie (D:6)
  A hound skeleton (D:7)
  2 mummies (Ossuary)
  3 worker ant zombies
  Robin (D:3)
  5 gnolls (D:6)
  24 adders
  41 river rats
  4 giant mites
  15 shadow imps
  16 white imps
  4 giant eyeballs
  49 ufetubi
  6 worms
  2 adder skeletons (D:5)
  12 adder zombies
  An iguana skeleton (Crypt:1)
  4 giant geckos
  5 oozes
  193 orcs
  25 bats
  3 bat skeletons
  7 giant cockroaches
  26 hobgoblins
  40 kobolds
  13 quokkas
  A ball python (D:2)
  4 giant newts
  4 giant spores
  2 gnoll zombies (Ossuary)
  29 goblins
  2 goblin zombies (D:12)
  3 hobgoblin skeletons
  9 hobgoblin zombies
  7 jackals
  A jackal skeleton (D:5)
  6 kobold zombies
  A lurking horror (Abyss:2)
  2 orc skeletons (D:12)
  19 orc zombies
  14 rats
  A rat zombie (Crypt:1)
  A river rat skeleton (Crypt:1)
  13 ballistomycetes
  2 crawling corpses (Elf:3)
  2 grand avatars (Pan)
  5 plants
  28 starspawn tentacles
  5 tentacles (Shoals:1)
4510 creatures vanquished.

Vanquished Creatures (collateral kills)
  An orc (Zig:9)
  A bat (D:9)
  A rat (D:9)
3 creatures vanquished.

Vanquished Creatures (others)
  A lich (Abyss:2)
  A tengu reaver (Vaults:5)
  A deep elf knight (Depths:3)
  A sea snake (Shoals:5)
  A ball lightning (Zot:2)
  A siren (Shoals:5)
  3 large abominations
  An ancient zyme (Abyss:3)
  2 fire vortices (Abyss:3)
  3 water elementals
  A sky beast (Abyss:3)
  8 lost souls
  An ogre (Vaults:5)
  2 giant frogs
  A small abomination (Abyss:3)
  An adder (Lair:6)
  A gnoll (D:6)
  2 white imps (IceCv)
  5 ufetubi
  3 orcs
  A giant cockroach zombie (Sewer)
  A giant mite zombie (Sewer)
  A giant spore (D:14)
  5 lurking horrors
  61 eldritch tentacle segments
  9 fungi
  12 plants
  34 starspawn tentacles
  266 starspawn tentacle segments
  13 tentacles (Shoals:1)
  273 tentacle segments (Shoals:1)
716 creatures vanquished.

Grand Total: 5229 creatures vanquished

Notes
Turn   | Place    | Note
--------------------------------------------------------------
     0 | D:1      | abixa, the Ogre Berserker, began the quest for the Orb.
     0 | D:1      | Reached XP level 1. HP: 24/24 MP: 1/1
   185 | D:1      | Reached XP level 2. HP: 32/32 MP: 2/2
   327 | D:1      | Reached skill level 5 in Maces & Flails
   485 | D:1      | Acquired Trog's second power
   643 | D:2      | Reached XP level 3. HP: 29/39 MP: 3/3
  1069 | D:2      | Reached skill level 6 in Maces & Flails
  1739 | D:3      | Reached XP level 4. HP: 34/48 MP: 4/4
  1788 | D:3      | Noticed Robin
  2118 | D:3      | Killed Robin
  2216 | D:3      | Reached skill level 7 in Maces & Flails
  2471 | D:3      | Noticed a giant frog
  2481 | D:3      | Killed a giant frog
  2481 | D:3      | Reached skill level 1 in Throwing
  2481 | D:3      | Reached XP level 5. HP: 18/54 MP: 5/5
  2664 | D:3      | Noticed Ijyb
  2672 | D:3      | Killed Ijyb
  2948 | D:3      | Noticed Crazy Yiuf
  2980 | D:3      | Killed Crazy Yiuf
  3119 | D:3      | Found a stormy altar of Qazlal.
  3119 | D:3      | Found a snail-covered altar of Cheibriados.
  3120 | D:3      | Found an iron altar of Okawaru.
  3170 | D:3      | Found a radiant altar of Vehumet.
  3267 | D:4      | Noticed a phantom
  3313 | D:3      | Reached XP level 6. HP: 59/62 MP: 6/6
  3322 | D:4      | Found a glowing drain.
  3371 | Sewer    | Entered a sewer
  3595 | Sewer    | Acquired Trog's third power
  3794 | Sewer    | Found a burning altar of Makhleb.
  3883 | Sewer    | Noticed an apprentice kobold demonologist
  3902 | Sewer    | Killed an apprentice kobold demonologist
  3902 | Sewer    | Reached XP level 7. HP: 70/70 MP: 7/7
  4015 | Sewer    | Noticed Grinder
  4032 | Sewer    | Killed Grinder
  4283 | D:4      | Noticed an ogre
  4283 | D:4      | Noticed a phantom
  4309 | D:4      | Killed an ogre
  4309 | D:4      | Reached XP level 8. HP: 37/78 MP: 8/8
  4461 | D:4      | Killed a phantom
  4461 | D:4      | Reached skill level 8 in Throwing
  4646 | D:4      | Found a sacrificial altar of Ru.
  4751 | D:4      | Killed a phantom
  5011 | D:4      | Noticed an ogre
  5033 | D:4      | Killed an ogre
  5085 | D:4      | Reached skill level 5 in Fighting
  5232 | D:4      | Found a deep blue altar of Sif Muna.
  5245 | D:4      | Found a sparkling altar of Nemelex Xobeh.
  5342 | D:4      | Reached skill level 9 in Maces & Flails
  5348 | D:4      | Got a shadowed robe
  5359 | D:4      | Identified the cursed -2 robe of Dishonesty {rPois+ rF+ Str+3} (You found it on level 4 of the Dungeon)
  5515 | D:4      | Got a shimmering cloak
  5526 | D:4      | Identified the +0 cloak of Incorporation {Dex+3} (You found it on level 4 of the Dungeon)
  5695 | D:5      | Entered Level 5 of the Dungeon
  6216 | D:5      | Found a sacrificial altar of Ru.
  6423 | D:5      | Reached XP level 9. HP: 87/92 MP: 9/9
  6528 | D:5      | Reached skill level 10 in Maces & Flails
  6742 | D:5      | Found a basalt altar of Yredelemnul.
  7098 | D:6      | Received a gift from Trog
  7504 | D:6      | Noticed Pikel
  7624 | D:6      | Killed Pikel
  7624 | D:6      | Reached skill level 11 in Maces & Flails
  7867 | D:6      | Found a burning altar of Makhleb.
  7873 | D:6      | Found a glowing silver altar of Zin.
  7874 | D:6      | Noticed a blizzard demon
  7874 | D:6      | Noticed an angel
  8119 | D:7      | Found a glowing golden altar of the Shining One.
  8183 | D:7      | Found a sand-covered staircase.
  8212 | Ossuary  | Entered an ossuary
  8557 | D:7      | Gained mutation: You are somewhat resistant to further mutation. [potion of beneficial mutation]
  8574 | D:7      | Reached skill level 10 in Fighting
  8614 | D:7      | Reached skill level 12 in Maces & Flails
  8614 | D:7      | Reached XP level 10. HP: 104/110 MP: 10/10
  8655 | D:7      | Noticed Eustachio
  8676 | D:7      | Killed Eustachio
  8838 | D:7      | Found a staircase to the Ecumenical Temple.
  8848 | Temple   | Entered the Ecumenical Temple
  9726 | D:7      | Noticed Edmund
  9734 | D:7      | Killed Edmund
 10041 | D:8      | Noticed Gastronok
 10081 | D:8      | Killed Gastronok
 10081 | D:8      | Reached skill level 13 in Maces & Flails
 11339 | D:9      | Received a gift from Trog
 12152 | D:9      | Reached XP level 11. HP: 123/123 MP: 11/11
 12247 | D:10     | Entered Level 10 of the Dungeon
 12293 | D:9      | Found a staircase to the Lair.
 12298 | D:9      | Received a gift from Trog
 12316 | Lair:1   | Entered Level 1 of the Lair of Beasts
 12934 | Lair:1   | Received a gift from Trog
 13478 | Lair:2   | Received a gift from Trog
 13494 | Lair:2   | Reached skill level 5 in Dodging
 13500 | Lair:2   | Found a frozen archway.
 13635 | IceCv    | Entered an ice cave
 13814 | IceCv    | Noticed an ice statue
 13814 | IceCv    | Noticed an ice statue
 13817 | IceCv    | Killed an ice statue
 14238 | IceCv    | Killed an ice statue
 14338 | IceCv    | Noticed an ice devil
 14355 | IceCv    | Killed an ice devil
 14355 | IceCv    | Received a gift from Trog
 15338 | Lair:1   | Noticed a six-headed hydra
 15344 | Lair:1   | Killed a six-headed hydra
 15344 | Lair:1   | Reached skill level 14 in Maces & Flails
 15344 | Lair:1   | Reached skill level 1 in Stealth
 15369 | Lair:1   | Noticed a five-headed hydra
 15493 | Lair:1   | Killed a five-headed hydra
 15493 | Lair:1   | Reached XP level 12. HP: 124/133 MP: 4/12
 16068 | Lair:1   | Received a gift from Trog
 16292 | Lair:2   | Noticed Nergalle
 16296 | Lair:2   | Killed Nergalle
 16476 | Lair:2   | Received a gift from Trog
 16924 | Lair:3   | Received a gift from Trog
 17196 | Lair:3   | Noticed a death yak
 17196 | Lair:3   | Noticed a death yak
 17236 | Lair:3   | Received a gift from Trog
 17353 | Lair:3   | Noticed a death yak
 17394 | Lair:2   | Killed a death yak
 17399 | Lair:3   | Noticed a death yak
 17403 | Lair:2   | Killed a death yak
 17403 | Lair:2   | Reached skill level 15 in Maces & Flails
 17403 | Lair:2   | Reached skill level 10 in Throwing
 17680 | D:10     | Noticed a hill giant
 17747 | D:10     | Received a gift from Trog
 18168 | D:10     | Killed an unseen horror
 18260 | D:10     | Found a radiant altar of Vehumet.
 18308 | D:10     | Received a gift from Trog
 18323 | D:10     | Reached XP level 13. HP: 146/146 MP: 4/13
 18396 | D:10     | Noticed a hill giant
 18404 | D:10     | Killed a hill giant
 19026 | D:11     | Received a gift from Trog
 19578 | D:12     | Found Gyxtayha's Weapon Emporium.
 19630 | D:12     | Received a gift from Trog
 19678 | D:12     | Reached skill level 10 in Dodging
 19789 | D:12     | Found Dedausis' Armour Emporium.
 19932 | D:12     | Killed a hill giant
 20045 | D:12     | Found a portal to a secret trove of treasure.
 20101 | D:12     | Found Phaniarph's Distillery.
 20131 | D:12     | Found a staircase to the Orcish Mines.
 20524 | D:12     | Received a gift from Trog
 20924 | D:13     | Noticed an ettin
 20929 | D:13     | Killed an ettin
 20929 | D:13     | Reached skill level 16 in Maces & Flails
 21148 | D:13     | Found a gate to the Vaults.
 21227 | D:13     | Reached skill level 15 in Fighting
 21391 | Orc:1    | Entered Level 1 of the Orcish Mines
 21438 | Orc:1    | Noticed Snorg
 21442 | Orc:1    | Killed Snorg
 21696 | Orc:2    | Received a gift from Trog
 21698 | Orc:2    | Found a radiant altar of Vehumet.
 22311 | Orc:1    | You fall through a shaft!
 22334 | Orc:2    | Received a gift from Trog
 22335 | Orc:2    | Got a polished giant club {god gift}
 22336 | Orc:2    | Identified the +7 giant club of Domination {venom, rF+ rC+ MR- Stlth+} (Trog gifted it to you on level 2 of the Orcish Mines)
 22405 | Orc:2    | Noticed Fannar
 22433 | Orc:2    | Killed Fannar
 22517 | Orc:3    | Reached XP level 14. HP: 138/159 MP: 14/14
 22547 | Orc:3    | Found a staircase to the Elven Halls.
 22880 | Orc:3    | Received a gift from Trog
 23113 | Orc:3    | Received a gift from Trog
 23130 | Orc:3    | Got an ichor-stained giant club {god gift}
 23131 | Orc:3    | Identified the +4 giant club of Rata {flame, rN++} (Trog gifted it to you on level 3 of the Orcish Mines)
 23845 | D:10     | Received a gift from Trog
 23991 | Lair:3   | Noticed an eight-headed hydra
 23993 | Lair:3   | Killed an eight-headed hydra
 24221 | Lair:3   | Killed a death yak
 24224 | Lair:3   | Killed a death yak
 24224 | Lair:3   | Received a gift from Trog
 24225 | Lair:3   | Got an iridescent giant spiked club {god gift}
 24257 | Lair:3   | Identified the +10 giant spiked club of Trauma {flame, rElec rF+ rC- MR+ Int+2} (Trog gifted it to you on level 3 of the Lair of Beasts)
 24478 | Lair:4   | Found a staircase to the Shoals.
 26077 | Lair:6   | Found a staircase to the Snake Pit.
 26437 | Lair:6   | Received a gift from Trog
 27155 | Lair:6   | Reached skill level 17 in Maces & Flails
 27220 | Lair:6   | Noticed Maud
 27560 | Lair:6   | Killed Maud
 27639 | Lair:6   | Found a hole to the Spider Nest.
 27796 | Lair:7   | Received a gift from Trog
 28260 | Lair:7   | Reached XP level 15. HP: 129/171 MP: 15/15
 28370 | Lair:7   | Received a gift from Trog
 28575 | Lair:7   | Found a staircase to the Slime Pits.
 29080 | Lair:7   | Noticed an azure jelly
 29084 | Lair:7   | Killed an azure jelly
 29124 | Lair:8   | Entered Level 8 of the Lair of Beasts
 29521 | Lair:8   | Received a gift from Trog
 29789 | Lair:8   | Received a gift from Trog
 30004 | Lair:8   | Reached skill level 18 in Maces & Flails
 30057 | Lair:8   | Identified the Catalogue of the Ten Lies (You found it on level 8 of the Lair of Beasts)
 31343 | Orc:4    | Entered Level 4 of the Orcish Mines
 31470 | Orc:4    | Received a gift from Trog
 31546 | Orc:4    | Found a burning altar of Makhleb.
 31551 | Orc:4    | Found Shriytaf's Book Boutique.
 31957 | Orc:4    | Received a gift from Trog
 32377 | Orc:4    | Received a gift from Trog
 32378 | Orc:4    | Got a warped giant club {god gift}
 32387 | Orc:4    | Identified the +6 giant club of Mnefeaxa {distort, *Rage rElec Dex+8} (Trog gifted it to you on level 4 of the Orcish Mines)
 32581 | Orc:4    | Found Shretreva's Gadget Shoppe.
 32581 | Orc:4    | Found Smajyl's Book Boutique.
 32584 | Orc:4    | Found Cogiro's Armour Shop.
 32586 | Orc:4    | Found Kliamn's Antique Armour Emporium.
 33358 | D:13     | Found Gephi's Food Emporium.
 33523 | D:13     | Noticed Nessos
 33532 | D:13     | Killed Nessos
 34649 | D:14     | Received a gift from Trog
 34957 | D:15     | Entered Level 15 of the Dungeon
 34986 | D:15     | Received a gift from Trog
 35016 | D:15     | Reached XP level 16. HP: 180/183 MP: 16/16
 35508 | D:15     | Found Helatwe's General Store.
 35939 | D:15     | Found a staircase to the Depths.
 36379 | Spider:1 | Entered Level 1 of the Spider Nest
 37358 | Spider:1 | Reached skill level 15 in Throwing
 37568 | Spider:1 | Noticed Rupert
 37579 | Spider:1 | Killed Rupert
 37590 | Spider:1 | Received a gift from Trog
 37692 | Spider:1 | Received a gift from Trog
 38777 | Spider:2 | Reached skill level 19 in Maces & Flails
 39188 | Spider:3 | Reached XP level 17. HP: 94/195 MP: 17/17
 39443 | Spider:3 | Received a gift from Trog
 39459 | Spider:3 | Got a brightly glowing giant club {god gift}
 39460 | Spider:3 | Identified the +5 giant club "Logiryce" {elec, Noisy rPois- rN+ Int+4 Dex+7} (Trog gifted it to you on level 3 of the Spider Nest)
 40728 | Spider:4 | HP: 8/196 [poisoned by a wolf spider]
 40734 | Spider:4 | HP: 4/196 [wolf spider (6)]
 40773 | Spider:4 | HP: 9/196 [wolf spider (9)]
 40869 | Spider:4 | Received a gift from Trog
 41835 | Spider:5 | Entered Level 5 of the Spider Nest
 42068 | Spider:5 | Received a gift from Trog
 42249 | Spider:5 | Received a gift from Trog
 43297 | Spider:5 | Received a gift from Trog
 43559 | Spider:5 | Got a gossamer rune of Zot
 43690 | Spider:5 | Reached skill level 15 in Dodging
 43694 | Spider:5 | Reached XP level 18. HP: 206/206 MP: 18/18
 44213 | Vaults:1 | Entered Level 1 of the Vaults
 44334 | Vaults:1 | Received a gift from Trog
 44349 | Vaults:1 | Identified the Collected Works on Dusty Transmigration
 44709 | Vaults:1 | Received a gift from Trog
 45203 | Vaults:1 | Received a gift from Trog
 45617 | Vaults:2 | Reached skill level 20 in Maces & Flails
 45666 | Vaults:2 | Received a gift from Trog
 45987 | Vaults:2 | Received a gift from Trog
 47203 | Vaults:2 | Received a gift from Trog
 47488 | Vaults:2 | Received a gift from Trog
 47547 | Vaults:2 | Reached XP level 19. HP: 203/218 MP: 18/18
 48322 | Vaults:3 | Found a flickering gateway to a bazaar.
 48347 | Bazaar   | Entered a bazaar
 48355 | Bazaar   | Found Etusm's Book Emporium.
 48355 | Bazaar   | Found Dexiofeonn's Jewellery Shoppe.
 48375 | Bazaar   | Bought a manual of Spellcasting for 2208 gold pieces
 48377 | Bazaar   | Bought the amulet of the City {rMut MP+9 Str+3 Slay+2} for 740 gold pieces
 48497 | Vaults:3 | Identified a scroll of acquirement
 48631 | Vaults:3 | Received a gift from Trog
 49382 | Vaults:3 | Reached skill level 5 in Stealth
 49586 | Vaults:3 | Received a gift from Trog
 49768 | Vaults:3 | Got a coiled golden ring
 49770 | Vaults:3 | Identified the ring of the Princeling {MP+9 Int+4} (You found it on level 3 of the Vaults)
 50043 | Vaults:3 | Found a staircase to the Crypt.
 50043 | Vaults:3 | Found an ancient bone altar of Kikubaaqudgha.
 50044 | Vaults:3 | Found a basalt altar of Yredelemnul.
 50197 | Vaults:3 | Received a gift from Trog
 51346 | Vaults:4 | Received a gift from Trog
 51729 | Vaults:4 | Received a gift from Trog
 51912 | Vaults:4 | Received a gift from Trog
 53000 | Vaults:4 | Reached XP level 20. HP: 141/228 MP: 19/19
 53252 | Vaults:4 | Received a gift from Trog
 53938 | Shoals:1 | Entered Level 1 of the Shoals
 53981 | Shoals:1 | Received a gift from Trog
 54571 | Shoals:1 | You fall through a shaft!
 54616 | Shoals:2 | Found Cleemorgh's Gadget Shoppe.
 56204 | Shoals:3 | Received a gift from Trog
 57667 | Shoals:5 | Entered Level 5 of the Shoals
 57744 | Shoals:5 | Received a gift from Trog
 57751 | Shoals:5 | Got a slimy dire flail {god gift}
 57752 | Shoals:5 | Identified the +8 dire flail "Brihoipt" {flame, MR+ Int+2 Dex-4 Stlth+} (Trog gifted it to you on level 5 of the Shoals)
 58943 | Shoals:5 | Noticed Norris
 58950 | Shoals:5 | Killed Norris
 58950 | Shoals:5 | Reached XP level 21. HP: 239/239 MP: 20/20
 58997 | Shoals:5 | Noticed Wiglaf
 58999 | Shoals:5 | Killed Wiglaf
 59050 | Shoals:5 | Noticed Ilsuiw
 59064 | Shoals:5 | Killed Ilsuiw
 59064 | Shoals:5 | Received a gift from Trog
 59759 | Shoals:5 | Got a barnacled rune of Zot
 60474 | Elf:1    | Entered Level 1 of the Elven Halls
 60487 | Elf:1    | Received a gift from Trog
 60730 | Elf:1    | Received a gift from Trog
 61329 | Elf:2    | Found a runed gate.
 61330 | Elf:2    | Found a runed gate.
 61330 | Elf:2    | Found a runed gate.
 61727 | Elf:2    | Identified the Compendium of Destructive Snow
 61906 | Elf:3    | Entered Level 3 of the Elven Halls
 61914 | Elf:3    | Received a gift from Trog
 62245 | Elf:3    | Found Mosourr's Antique Weapon Boutique.
 62314 | Elf:3    | Reached skill level 21 in Throwing
 62499 | Elf:3    | Received a gift from Trog
 62767 | Elf:3    | Received a gift from Trog
 62972 | Elf:3    | Received a gift from Trog
 63072 | Elf:3    | Received a gift from Trog
 63465 | Elf:3    | Identified the Incunabulum of Evil Rituals (You found it on level 3 of the Elven Halls)
 63566 | Elf:3    | Got a slimy jade ring
 63568 | Elf:3    | Identified the ring "Xinoacuf" {+/*Tele +Blink rF+ rC+ Dex-5 SInv} (You took it off a deep elf mage on level 3 of the Elven Halls)
 63623 | Elf:3    | Identified the Papyrus of the Mountains and Moulding (You found it on level 3 of the Elven Halls)
 63689 | Elf:3    | Reached XP level 22. HP: 252/252 MP: 20/20
 65537 | Depths:1 | Entered Level 1 of the Depths
 65605 | Depths:1 | Received a gift from Trog
 66108 | Depths:1 | Found a gateway to Hell.
 66108 | Depths:1 | Noticed Margery
 66173 | Depths:1 | Received a gift from Trog
 66445 | Depths:1 | Killed Margery
 66724 | Depths:1 | Received a gift from Trog
 67318 | Depths:2 | Noticed Nikola
 67326 | Depths:2 | Killed Nikola
 67647 | Depths:2 | Received a gift from Trog
 67660 | Depths:2 | Found a shattered altar of Ashenzari.
 67999 | Depths:2 | Received a gift from Trog
 68063 | Depths:2 | Found a gateway to a ziggurat.
 68307 | Depths:2 | Found a one-way gate leading to the halls of Pandemonium.
 68309 | Depths:2 | Gained mutation: You have difficulty communicating with the divine. [a neqoxec]
 69326 | Depths:1 | Received a gift from Trog
 69529 | Depths:3 | Reached XP level 23. HP: 199/262 MP: 18/21
 69707 | Depths:3 | Reached skill level 5 in Armour
 70513 | Depths:3 | Received a gift from Trog
 70695 | Depths:4 | Received a gift from Trog
 71069 | Depths:4 | Found a one-way gate to the infinite horrors of the Abyss.
 71599 | Depths:4 | Reached skill level 10 in Armour
 72031 | Depths:4 | Noticed an ancient lich
 72042 | Depths:4 | Killed an ancient lich
 72117 | Depths:4 | Received a gift from Trog
 72208 | Depths:4 | Received a gift from Trog
 72489 | Depths:5 | Entered Level 5 of the Depths
 72563 | Depths:5 | Reached XP level 24. HP: 270/273 MP: 21/21
 72584 | Depths:5 | Found a snail-covered altar of Cheibriados.
 73199 | Depths:5 | Received a gift from Trog
 73210 | Depths:5 | Got an ancient dire flail {god gift}
 73211 | Depths:5 | Identified the +3 dire flail "Xeuc" {antimagic, -Cast rElec rC+ Int+4} (Trog gifted it to you on level 5 of the Depths)
 73692 | Depths:5 | Found a gate to the Realm of Zot.
 73828 | Depths:4 | Identified the Disquisition on Bewitchment
 74308 | Vaults:4 | Upgraded the game from 0.16-a0-3963-gf3423b3 to 0.16-a0-3976-g683f154
 74314 | Vaults:4 | Reached XP level 25. HP: 280/280 MP: 22/22
 74316 | Vaults:5 | Entered Level 5 of the Vaults
 74391 | Vaults:4 | Received a gift from Trog
 74710 | Vaults:5 | Received a gift from Trog
 74719 | Vaults:5 | Reached skill level 15 in Armour
 75572 | Vaults:5 | Reached XP level 26. HP: 291/291 MP: 22/22
 75917 | Vaults:5 | Got a silver rune of Zot
 76054 | Vaults:5 | Received a gift from Trog
 76371 | Vaults:5 | Noticed Saint Roka
 76379 | Vaults:5 | Killed Saint Roka
 76916 | Vaults:5 | Received a gift from Trog
 77279 | Vaults:5 | Received a gift from Trog
 77442 | Vaults:5 | Identified the Disquisition on Congealing Weightlessness
 77584 | Vaults:5 | Received a gift from Trog
 79878 | Slime:1  | Entered Level 1 of the Pits of Slime
 80128 | Slime:3  | Received a gift from Trog
 80281 | Slime:6  | Entered Level 6 of the Pits of Slime
 80384 | Slime:6  | Reached XP level 27. HP: 289/299 MP: 23/23
 80755 | Slime:6  | Noticed the royal jelly
 80757 | Slime:6  | Found a viscous altar of Jiyva.
 80771 | Slime:6  | Killed the royal jelly
 80771 | Slime:6  | Received a gift from Trog
 80952 | Slime:6  | Got a slimy rune of Zot
 81746 | Depths:4 | Voluntarily entered the Abyss.
 82142 | Abyss:1  | Reached skill level 10 in Stealth
 82835 | Abyss:2  | Paralysed by accursed screaming for 1 turns
 83297 | Abyss:2  | Received a gift from Trog
 83515 | Abyss:2  | Reached skill level 22 in Throwing
 83515 | Abyss:2  | Reached skill level 1 in Evocations
 83717 | Abyss:2  | Got a vibrating glass ring
 83721 | Abyss:2  | Identified the ring "Treylam" {rF+ rN+ Str+4 Int-5 SInv} (You found it on level 2 of the Abyss)
 84314 | Abyss:2  | Lost intelligence.
 84773 | Abyss:2  | Received a gift from Trog
 84778 | Abyss:2  | Paralysed by accursed screaming for 1 turns
 84802 | Abyss:2  | Paralysed by accursed screaming for 1 turns
 85291 | Depths:4 | Escaped the Abyss
 85559 | Zot:1    | Entered Level 1 of the Realm of Zot
 85642 | Zot:1    | Noticed an ancient lich
 85649 | Zot:1    | Killed an ancient lich
 85685 | Zot:1    | Noticed an orb of fire
 85691 | Zot:1    | Killed an orb of fire
 85723 | Zot:1    | Received a gift from Trog
 85938 | Zot:1    | Received a gift from Trog
 85997 | Zot:1    | Reached skill level 5 in Evocations
 86327 | Zot:1    | Received a gift from Trog
 87432 | Zot:2    | Reached skill level 23 in Fighting
 87553 | Zot:2    | Received a gift from Trog
 88730 | Zot:3    | Received a gift from Trog
 90418 | Zot:4    | Received a gift from Trog
 91364 | Depths:5 | Voluntarily entered the Abyss.
 91439 | Abyss:1  | Reached skill level 24 in Fighting
 91786 | Abyss:2  | Received a gift from Trog
 92397 | Abyss:3  | Found a corrupted altar of Lugonu.
 92419 | Abyss:3  | Received a gift from Trog
 92423 | Abyss:3  | Got a polished giant club {god gift}
 92447 | Abyss:3  | Identified the +4 giant club of Joyful Slaughter {crush, rC+ Str+4} (Trog gifted it to you on level 3 of the Abyss)
 92944 | Abyss:3  | Paralysed by accursed screaming for 1 turns
 92949 | Abyss:3  | Paralysed by accursed screaming for 1 turns
 93589 | Abyss:3  | Reached skill level 10 in Evocations
 94118 | Abyss:3  | Lost intelligence.
 94152 | Depths:5 | Escaped the Abyss
 94158 | Depths:5 | Voluntarily entered the Abyss.
 94217 | Abyss:1  | Found a blossoming altar of Fedhas.
 94226 | Depths:5 | Escaped the Abyss
 94228 | Depths:5 | Voluntarily entered the Abyss.
 94676 | Abyss:1  | Paralysed by accursed screaming for 1 turns
 94780 | Abyss:1  | Received a gift from Trog
 94868 | Abyss:1  | Paralysed by accursed screaming for 1 turns
 95321 | Abyss:1  | Found a deep blue altar of Sif Muna.
 95479 | Abyss:2  | Found a corrupted altar of Lugonu.
 95977 | Abyss:3  | Got an abyssal rune of Zot
 96109 | Abyss:3  | Reached skill level 15 in Stealth
 96366 | Abyss:3  | Reached skill level 25 in Fighting
 96490 | Depths:5 | Escaped the Abyss
 96944 | D:7      | Fell from the grace of Trog
 96944 | D:7      | Became a worshipper of the Shining One
 97056 | Lair:2   | Learned a level 1 spell: Apportation
 97059 | Lair:2   | Learned a level 2 spell: Swiftness
 97063 | Lair:2   | Learned a level 3 spell: Flight
 97388 | Vaults:5 | Learned a level 2 spell: Repel Missiles
 97394 | Vaults:5 | Learned a level 5 spell: Silence
 98015 | Orc:4    | Bought a book of Beasts for 825 gold pieces
 98025 | Orc:4    | Learned a level 1 spell: Summon Butterflies
 98057 | Orc:4    | Bought a book of Minor Magic for 280 gold pieces
 98060 | Orc:4    | Learned a level 2 spell: Blink
 98282 | Lair:2   | Lost mutation: You are somewhat resistant to further mutation. [potion of cure mutation]
 98282 | Lair:2   | Lost mutation: You have difficulty communicating with the divine. [potion of cure mutation]
 98283 | Lair:2   | Gained mutation: You have large cloven feet. [potion of beneficial mutation]
 98284 | Lair:2   | Gained mutation: You have a pair of small antennae on your head. [potion of beneficial mutation]
 98285 | Lair:2   | Gained mutation: Your system is resistant to poisons. [potion of beneficial mutation]
 98286 | Lair:2   | Gained mutation: You are resistant to electric shocks. [potion of beneficial mutation]
 98580 | Crypt:1  | Entered Level 1 of the Crypt
 98584 | Crypt:1  | Noticed Jory
 98584 | Crypt:1  | Reached skill level 1 in Spellcasting
 98606 | Crypt:1  | Killed Jory
 98606 | Crypt:1  | Reached skill level 5 in Spellcasting
 98608 | Crypt:1  | Acquired the Shining One's first power
 98670 | Crypt:1  | Acquired the Shining One's second power
 98828 | Crypt:1  | Noticed Xtahua
 98833 | Crypt:1  | Killed Xtahua
 98859 | Crypt:1  | Reached skill level 10 in Spellcasting
 99105 | Crypt:1  | Acquired the Shining One's third power
 99333 | Crypt:2  | Identified the Disquisition on Unholy Rites and the Snowflakes
 99373 | Crypt:2  | Acquired the Shining One's fourth power
 99812 | Crypt:3  | Entered Level 3 of the Crypt
100099 | Crypt:3  | Reached skill level 1 in Summonings
100119 | Crypt:3  | Found an ancient bone altar of Kikubaaqudgha.
100305 | Crypt:3  | Got a glittering ivory ring
100318 | Crypt:3  | Reached skill level 5 in Summonings
100378 | Crypt:3  | Got a transparent iron ring
100380 | Crypt:3  | Identified the ring "Keocs" {rN+ Str+3 Int+5} (You found it on level 3 of the Crypt)
100679 | Crypt:3  | Found a staircase to the Tomb.
100679 | Crypt:3  | Noticed Khufu
100694 | Crypt:3  | Killed Khufu
101269 | Lair:2   | Identified the ring "Jofeatz" {rN+ MR+ Str-4 Dex+2 Slay+3 SInv} (You took it off an ancient champion on level 3 of the Crypt)
101380 | D:7      | Identified a +9 giant spiked club of holy wrath (a +9 giant spiked club of draining blessed by the Shining One)
101794 | Pan      | Entered Pandemonium
102002 | Pan      | Noticed Dyagh the pandemonium lord
102009 | Pan      | Killed Dyagh the pandemonium lord
102031 | Pan      | Found an exit through the horrors of the Abyss.
102212 | Pan      | Paralysed by a giant eyeball for 3 turns
102231 | Pan      | Paralysed by a giant eyeball for 4 turns
102236 | Pan      | Found a gateway to a ziggurat.
102513 | Pan      | Reached skill level 10 in Summonings
102525 | Zig:1    | Entered Level 1 of a ziggurat
102550 | Zig:2    | Entered Level 2 of a ziggurat
102575 | Zig:3    | Entered Level 3 of a ziggurat
102629 | Zig:4    | Entered Level 4 of a ziggurat
102672 | Zig:4    | Got a translucent wooden ring
102678 | Zig:4    | Identified the ring "Preabbe" {Wiz Slay+2} (You found it on level 4 of a ziggurat)
102759 | Zig:5    | Entered Level 5 of a ziggurat
102813 | Zig:6    | Entered Level 6 of a ziggurat
102851 | Zig:6    | Gained mutation: Your natural rate of healing is unusually fast. [potion of beneficial mutation]
102888 | Zig:7    | Entered Level 7 of a ziggurat
102909 | Zig:7    | Reached skill level 1 in Translocations
102939 | Zig:7    | Got a fine sapphire amulet
102957 | Zig:7    | Identified the amulet "Inulonla" {+Rage rElec rPois- rN+ Str+3 Int+6} (You found it on level 7 of a ziggurat)
102995 | Zig:8    | Entered Level 8 of a ziggurat
103007 | Zig:8    | Noticed Cocseg the pandemonium lord
103013 | Zig:8    | Killed Cocseg the pandemonium lord
103289 | Zig:9    | Entered Level 9 of a ziggurat
103347 | Zig:9    | Reached skill level 1 in Invocations
103757 | Pan      | Reached skill level 5 in Invocations
104750 | Pan      | Reached skill level 10 in Invocations
105998 | Pan      | Found a glowing silver altar of Zin.
106159 | Pan      | Got a clouded bronze ring
106160 | Pan      | Identified the ring "Ekoxum" {rF+ rN+ Dex+2} (You took it off an angel in Pandemonium)
106167 | Pan      | Noticed a seraph
106167 | Pan      | Was placed under penance by the Shining One
106185 | Pan      | Killed a seraph
106213 | Pan      | Found a glowing golden altar of the Shining One.
106249 | Pan      | Got a demonic rune of Zot
106273 | Pan      | Got a scorched lead ring
106274 | Pan      | Identified the ring "Hioxtuzi" {Ice rElec rN+ Dex+2 Slay-3} (You took it off a seraph in Pandemonium)
106785 | Pan      | Reached skill level 15 in Invocations
106895 | Pan      | Was forgiven by the Shining One
107770 | Pan      | Found a white marble altar of Elyvilon.
108790 | Pan      | Found an exit through the horrors of the Abyss.
108854 | Pan      | Noticed Feqomim the pandemonium lord
108868 | Pan      | Killed Feqomim the pandemonium lord
109160 | Pan      | Was forgiven by Trog
109173 | Pan      | HP: 10/313 [stone giant[the rage of Trog] (38)]
109188 | Pan      | HP: 2/313 [iron troll[the rage of Trog] (20)]
109192 | Pan      | Slain by an iron troll

Action                   |  1- 3 |  4- 6 |  7- 9 | 10-12 | 13-15 | 16-18 | 19-21 | 22-24 | 25-27 || total
-------------------------+-------+-------+-------+-------+-------+-------+-------+-------+-------++-------
Melee: Mace              |   126 |   112 |    21 |       |       |       |       |       |       ||   259
       Trident           |       |   109 |    64 |    25 |       |       |       |       |       ||   198
       Flail             |       |       |    61 |       |       |       |       |       |       ||    61
       Giant club        |       |       |   198 |   341 |   182 |    69 |    14 |    34 |    33 ||   871
       Great mace        |       |       |       |   198 |   291 |       |       |       |       ||   489
       Giant spiked club |       |       |       |       |   487 |   487 |   492 |   524 |  4584 ||  6574
       Maul              |       |       |       |       |       |       |    11 |       |       ||    11
 Fire: Blowgun           |       |     4 |     9 |    19 |       |       |       |       |       ||    32
Throw: Stone             |    30 |    44 |   177 |   219 |     9 |       |       |       |       ||   479
       Large rock        |       |       |       |    98 |   335 |   637 |   870 |   577 |   640 ||  3157
       Javelin           |       |       |       |    10 |    71 |       |       |     1 |    47 ||   129
       Tomahawk          |       |       |       |     8 |    55 |       |       |       |       ||    63
 Cast: Blink             |       |       |       |       |       |       |       |       |     1 ||     1
Invok: Berserk           |     1 |     2 |     2 |     7 |     1 |     4 |       |       |       ||    17
       Trog's Hand       |       |       |     1 |       |       |     1 |       |       |     3 ||     5
       Brothers in Arms  |       |       |       |       |       |       |       |       |     1 ||     1
 Abil: Evoke Flight      |       |       |       |       |       |       |       |     4 |     9 ||    13
Evoke: Wand              |       |       |       |     1 |     2 |       |     2 |       |     5 ||    10
       Phial of floods   |       |       |       |       |       |       |       |       |     2 ||     2
  Use: Scroll            |       |       |    12 |     8 |    13 |     6 |     8 |    21 |    21 ||    89
       Potion            |       |       |     1 |     1 |       |     4 |     1 |     1 |    20 ||    28
 Stab: Sleeping          |       |     1 |     1 |     2 |    11 |     2 |     3 |       |       ||    20
       Distracted        |       |       |       |     2 |     1 |     1 |     1 |     2 |     2 ||     9
       Paralysed         |       |       |       |       |     1 |       |       |       |     1 ||     2
       Invisible         |       |       |       |       |       |       |     1 |       |       ||     1
       Confused          |       |       |       |       |       |       |       |       |     1 ||     1
       Held in net/web   |       |       |       |       |       |       |       |       |     1 ||     1
       Petrified         |       |       |       |       |       |       |       |       |     1 ||     1
  Eat: Chunk             |     4 |     4 |    15 |    33 |    47 |    35 |    49 |    29 |    45 ||   261
       Bread ration      |       |     1 |       |     1 |       |     1 |       |       |     5 ||     8
       Pizza             |       |       |     1 |       |     1 |     2 |       |       |     3 ||     7
       Fruit             |       |       |       |     2 |       |       |       |       |     6 ||     8
       Meat ration       |       |       |       |       |     1 |       |       |     1 |     4 ||     6
       Beef jerky        |       |       |       |       |       |       |       |     2 |     6 ||     8
       Royal jelly       |       |       |       |       |       |       |       |       |     5 ||     5
